 Dungeon Sprint DCSS version 0.17.1-3-g152610e (webtiles) character file.

7075 Kokonut the Sharpshooter (level 11, -15/117 HPs)
             Began as a Kobold Berserker on Mar 20, 2016.
             Was a High Priest of Trog.
             Killed by the air
             ... invoked by a spriggan air mage
              (17 damage)
             ... in the Dungeon (Sprint V: "Ziggurat Sprint").
             The game lasted 00:19:14 (1055 turns).

Kokonut the Sharpshooter (Kobold Berserker)         Turns: 1055, Time: 00:19:14

Health: -15/117    AC: 20    Str: 20    XL:     11   Next: 30%
Magic:  0/11       EV: 26    Int:  5    God:    Trog [*****.]
Gold:   0          SH: 11    Dex: 24    Spells: 0 memorised, 10 levels left

rFire  + + +     SeeInvis +     K - +5 quick blade (drain)
rCold  . . .     Clarity  .     j - +5 fire dragon armour
rNeg   . . .     SustAt   .     k - +3 buckler
rPois  +         Gourm    .     (no helmet)
rElec  +         Spirit   +     (no cloak)
rCorr  .         Warding  .     (no gloves)
rMut   .         NoTele   +     N - +2 pair of boots {Stlth+}
MR     +....                    a - amulet of the Thistle {Spirit rElec rPois rC+ Dex-2}
Stlth  ..........               x - +6 ring of dexterity
                                M - ring of Grontol {Wiz rF+ MR+ SInv}

@: berserking, very quick, somewhat resistant to hostile enchantments, extremely
unstealthy
A: carnivore 3
a: Berserk, Trog's Hand, Brothers in Arms, Burn Spellbooks, Renounce Religion


You were in the Dungeon.
You worshipped Trog.
Trog was extremely pleased with you.
You were very full.

You visited 1 branch

Inventory:

Hand Weapons
 b - a +4 antimagic short sword
 I - a +5 hand crossbow
 K - a +5 quick blade of draining (weapon)
 L - the +15 heavy crossbow "Sniper" {velocity, SInv}
   (You found it in the Dungeon)

   Any bolt fired from it inflicts extra damage.
   It lets you see invisible.
 O - a +5 hand crossbow of flaming
 P - the +6 arbalest "Hellfire" {hellfire, rF++ rC- MR+}
   (You took it off an orc priest in the Dungeon)

   It greatly protects you from fire.
   It makes you vulnerable to cold.
   It affects your resistance to hostile enchantments.
Missiles
 J - 998 bolts
 U - 59 bolts of flame
 V - 32 bolts of frost
Armour
 j - a +5 fire dragon armour (worn)
 k - a +3 buckler (worn)
 N - a +2 pair of boots of stealth (worn)
 X - the +4 chain mail of the Evil One {MP+9}
   (You found it in the Dungeon)

   It affects your magic capacity (+9).
Rods
 o - a +0 rod of ignition (13/13)
   (You found it in the Dungeon)
Jewellery
 a - the amulet of the Thistle (around neck) {Spirit rElec rPois rC+ Dex-2}
   (You found it in the Dungeon)

   [amulet of guardian spirit]

   It causes incoming damage to be split between your health and magic.
   It affects your dexterity (-2).
   It protects you from cold.
   It insulates you from electricity.
   It protects you from poison.
 x - a +6 ring of dexterity (right hand)
 y - a +6 ring of dexterity
 z - an uncursed ring of magical power
 A - a +6 ring of intelligence
 D - an uncursed ring of flight
 M - the ring of Grontol (left hand) {Wiz rF+ MR+ SInv}
   (You found it in the Dungeon)

   [ring of wizardry]

   It improves your spell success rate.
   It protects you from fire.
   It affects your resistance to hostile enchantments.
   It lets you see invisible.
 S - the amulet "Jik Uloo" {Faith rC+ Dex+7 Stlth+}
   (You found it in the Dungeon)

   [amulet of faith]

   It allows you to gain divine favour quickly.
   It affects your dexterity (+7).
   It protects you from cold.
   It makes you more stealthy.
 W - a +6 ring of dexterity
Wands
 E - a wand of disintegration (7)
 F - a wand of fire (5)
 G - a wand of cold (5)
 H - a wand of draining (5)
Scrolls
 i - 4 scrolls of blinking
 r - 3 scrolls of recharging
 s - 8 scrolls of fog
 t - a scroll of holy word
 u - 5 scrolls of identify
 v - 5 scrolls of remove curse
 w - 2 scrolls of fear
 C - a scroll of brand weapon
Potions
 d - 10 potions of curing
 e - 10 potions of heal wounds
 f - 8 potions of haste
 g - 7 potions of magic
 h - 3 potions of berserk rage
 l - 2 potions of brilliance
 m - a potion of invisibility
 n - 4 potions of resistance
 p - 6 potions of agility
 q - 5 potions of might
Comestibles
 c - 5 meat rations
 B - 6 chunks of flesh


   Skills:
 + Level 13.4 Fighting
 - Level 9.0 Short Blades
 + Level 16.0 Crossbows
 + Level 9.8 Armour
 + Level 13.6 Dodging
 - Level 5.8 Shields


You had 10 spell levels left.
You didn't know any spells.

Dungeon Overview and Level Annotations

Branches:
Dungeon (1/1)

Altars:
Ashenzari
Cheibriados
Dithmenos
Elyvilon
Fedhas
Gozag
Kikubaaqudgha
Makhleb
Nemelex Xobeh
Okawaru
Qazlal
Ru
Sif Muna
Trog
Vehumet
Xom
Yredelemnul
Zin
The Shining One
Beogh
Jiyva
Lugonu


Innate Abilities, Weirdness & Mutations

You are small and have problems with some larger weapons.
You are carnivorous and can eat meat at any time.


Message History

The dryad completely misses you.
You barely miss the spriggan defender.
The spriggan defender is lightly wounded.
The spriggan air mage waves its arms in wide circles.
The air twists around and strikes you!
* * * LOW HITPOINT WARNING * * *
You closely miss the spriggan defender.
The spriggan defender is lightly wounded.
The spriggan defender hits you with a lajatang of electrocution.
* * * LOW HITPOINT WARNING * * *
Your deep troll's attack is warded away.
Your deep troll claws the spriggan air mage.
Your deep troll misses the spriggan air mage.
Press: ? - help, v - describe, . - travel
Here: a spriggan defender, wielding a lajatang of electrocution and wearing a robe (lightly wounded)
The floor.
Unknown command.
The spriggan air mage waves its arms in wide circles.
The air twists around and strikes you!
You die...

▓..|[[.}..▓(.)))))
▓...b=[}..▓..)...}
▓.........▓.......
▓.........▓......)
▓.........▓.......
▓..Y......▓....)..
▓.ifT.....▓.▓.))..
▓R▓ii...▓.▓....(..
▓@).i.....▓▓▓▓▓▓▓▓
▓▓▓▓▓▓▓▓▓▓▓


You could see a spriggan defender, a spriggan berserker, a dryad, 2 spriggan air
magi, a yak and a friendly deep troll (berserk).

Vanquished Creatures
  2 deep elf knights (D)
  A hornet (D)
  3 deep elf conjurers (D)
  An orc sorcerer (D)
  A deep elf mage (D)
  3 spriggans (D)
  2 water moccasins (D)
  A hell hound (D)
  2 black bears (D)
  A giant frog (D)
  An iguana (D)
  3 orc priests (D)
  2 sheep (D)
  6 adders (D)
  A white imp (D)
  2 adder zombies (D)
  An orc (D)
  2 ball pythons (D)
  A bat skeleton (D)
  2 giant gecko skeletons (D)
38 creatures vanquished.

Vanquished Creatures (collateral kills)
  A thorn hunter (D)
  3 toenail golems (D)
  3 gargoyles (D)
  A spriggan (D)
  4 wolves (D)
  2 black bears (D)
  2 earth elementals (D)
16 creatures vanquished.

Vanquished Creatures (others)
  A deep elf mage (D)
  A deep elf fighter (D)
2 creatures vanquished.

Grand Total: 56 creatures vanquished

Notes
Turn   | Place    | Note
--------------------------------------------------------------
     0 | D        | Kokonut the Kobold Berserker began the quest for the Orb.
     0 | D        | Reached XP level 1. HP: 14/14 MP: 1/1
     3 | D        | Found an iron altar of Okawaru.
     3 | D        | Found a radiant altar of Vehumet.
     3 | D        | Found a shimmering altar of Xom.
     3 | D        | Found a burning altar of Makhleb.
     5 | D        | Found a deep blue altar of Sif Muna.
     7 | D        | Found a roughly hewn altar of Beogh.
     7 | D        | Found a corrupted altar of Lugonu.
     7 | D        | Found a viscous altar of Jiyva.
     7 | D        | Found a white marble altar of Elyvilon.
     7 | D        | Found a sparkling altar of Nemelex Xobeh.
     7 | D        | Found a bloodstained altar of Trog.
    44 | D        | Entered arena 1.
    50 | D        | Reached skill level 6 in Short Blades
    50 | D        | Reached XP level 2. HP: 10/19 MP: 2/2
   285 | D        | Entered arena 2.
   292 | D        | Reached ** piety under Trog
   292 | D        | Reached skill level 7 in Short Blades
   292 | D        | Reached XP level 3. HP: 23/23 MP: 3/3
   306 | D        | Reached *** piety under Trog
   310 | D        | Got the ring of Grontol {Wiz rF+ MR+ SInv}
   322 | D        | Entered arena 3.
   322 | D        | Noticed an orc priest
   322 | D        | Noticed an orc priest
   322 | D        | Noticed an orc priest
   331 | D        | Killed an orc priest
   331 | D        | Reached skill level 8 in Short Blades
   331 | D        | Reached skill level 5 in Crossbows
   331 | D        | Reached XP level 4. HP: 10/29 MP: 4/4
   335 | D        | Killed an orc priest
   335 | D        | Reached **** piety under Trog
   337 | D        | Killed an orc priest
   337 | D        | Reached skill level 5 in Fighting
   337 | D        | Reached skill level 9 in Short Blades
   337 | D        | Reached XP level 5. HP: 12/35 MP: 5/5
   346 | D        | Got the ring of Sailarosm {Ice *Corrode rN++}
   435 | D        | Entered arena 4.
   435 | D        | Noticed an iguana
   435 | D        | Noticed a giant frog
   444 | D        | Killed a giant frog
   457 | D        | Killed an iguana
   457 | D        | Reached XP level 6. HP: 31/42 MP: 3/6
   462 | D        | Reached ***** piety under Trog
   462 | D        | Reached skill level 5 in Dodging
   484 | D        | Entered arena 5.
   484 | D        | Noticed a water moccasin
   484 | D        | Noticed a water moccasin
   488 | D        | Received a gift from Trog
   488 | D        | Received a gift from Trog
   497 | D        | Killed a water moccasin
   497 | D        | Reached skill level 11 in Crossbows
   497 | D        | Reached XP level 7. HP: 38/48 MP: 3/7
   500 | D        | Killed a water moccasin
   500 | D        | Received a gift from Trog
   525 | D        | Got the +4 chain mail of the Evil One {MP+9}
   558 | D        | Reached skill level 5 in Shields
   558 | D        | Reached XP level 8. HP: 45/54 MP: 2/8
   604 | D        | Entered arena 6.
   604 | D        | Noticed a black bear
   604 | D        | Noticed a black bear
   604 | D        | Noticed a wolf
   604 | D        | Noticed a black bear
   604 | D        | Noticed a spriggan
   604 | D        | Noticed a wolf
   619 | D        | Killed a spriggan
   619 | D        | Reached skill level 12 in Crossbows
   620 | D        | Killed a wolf
   621 | D        | Killed a black bear
   622 | D        | Killed a black bear
   622 | D        | Reached skill level 5 in Armour
   622 | D        | Killed a wolf
   624 | D        | Killed a black bear
   624 | D        | Received a gift from Trog
   645 | D        | Got the cursed +1 dagger "Tonesaej" {elec, Stlth+}
   650 | D        | Entered arena 7.
   650 | D        | Noticed a wolf
   650 | D        | Noticed a wolf
   650 | D        | Noticed a spriggan
   650 | D        | Noticed a spriggan
   650 | D        | Noticed a black bear
   650 | D        | Noticed a spriggan
   658 | D        | Killed a wolf
   666 | D        | Killed a spriggan
   666 | D        | Received a gift from Trog
   666 | D        | Reached XP level 9. HP: 61/61 MP: 6/9
   670 | D        | Killed a spriggan
   671 | D        | Killed a wolf
   672 | D        | Killed a black bear
   672 | D        | Reached skill level 13 in Crossbows
   677 | D        | Killed a spriggan
   677 | D        | Reached skill level 10 in Fighting
   696 | D        | Got the amulet of the Thistle {Spirit rElec rPois rC+ Dex-2}
   698 | D        | Got the amulet "Jik Uloo" {Faith rC+ Dex+7 Stlth+}
   702 | D        | Received a gift from Trog
   788 | D        | Entered arena 8.
   788 | D        | Noticed a hell hound
   800 | D        | Killed a hell hound
   804 | D        | Received a gift from Trog
   865 | D        | Entered arena 9.
   865 | D        | Noticed a toenail golem
   865 | D        | Noticed an earth elemental
   865 | D        | Noticed an earth elemental
   865 | D        | Noticed a gargoyle
   865 | D        | Noticed a gargoyle
   865 | D        | Noticed a toenail golem
   865 | D        | Noticed a gargoyle
   865 | D        | Noticed a toenail golem
   869 | D        | Killed a toenail golem
   869 | D        | Reached skill level 10 in Dodging
   871 | D        | Killed a toenail golem
   871 | D        | Killed a gargoyle
   872 | D        | Killed an earth elemental
   873 | D        | Killed a gargoyle
   873 | D        | Reached skill level 14 in Crossbows
   873 | D        | Reached XP level 10. HP: 68/70 MP: 10/10
   875 | D        | Killed a gargoyle
   876 | D        | Killed a toenail golem
   876 | D        | Killed an earth elemental
   877 | D        | Received a gift from Trog
   904 | D        | Entered arena 10.
   904 | D        | Noticed a deep elf mage
   904 | D        | Noticed a deep elf conjurer
   904 | D        | Noticed a deep elf conjurer
   904 | D        | Noticed a deep elf mage
   904 | D        | Noticed an orc sorcerer
   904 | D        | Noticed a deep elf knight
   904 | D        | Noticed a deep elf conjurer
   904 | D        | Noticed a deep elf knight
   904 | D        | Noticed a deep elf fighter
   909 | D        | Killed a deep elf fighter
   912 | D        | Killed an orc sorcerer
   912 | D        | Received a gift from Trog
   914 | D        | Killed a deep elf conjurer
   917 | D        | Killed a deep elf mage
   929 | D        | Killed a deep elf knight
   933 | D        | Killed a deep elf conjurer
   933 | D        | Received a gift from Trog
   933 | D        | Reached skill level 15 in Crossbows
   939 | D        | Killed a deep elf conjurer
   939 | D        | Received a gift from Trog
   942 | D        | Killed a deep elf mage
   942 | D        | Received a gift from Trog
   951 | D        | Killed a deep elf knight
   951 | D        | Reached XP level 11. HP: 63/77 MP: 8/11
   953 | D        | Reached ****** piety under Trog
  1032 | D        | Entered arena 11.
  1032 | D        | Noticed a spriggan air mage
  1032 | D        | Noticed a dryad
  1032 | D        | Noticed a hornet
  1032 | D        | Noticed a yak
  1033 | D        | Noticed a spriggan defender
  1033 | D        | Noticed a thorn hunter
  1034 | D        | Noticed a thorn hunter
  1034 | D        | Noticed a spriggan air mage
  1038 | D        | Noticed a spriggan berserker
  1044 | D        | Killed a thorn hunter
  1051 | D        | Killed a hornet
  1051 | D        | Received a gift from Trog
  1051 | D        | Reached skill level 16 in Crossbows
  1054 | D        | HP: 1/117 [spriggan defender/lajatang of electrocution (5)]
  1055 | D        | Killed from afar by a spriggan air mage

Action                   |  1- 3 |  4- 6 |  7- 9 | 10-12 || total
-------------------------+-------+-------+-------+-------++-------
Melee: Short sword       |     6 |       |       |       ||     6
       Quick blade       |    16 |    44 |    73 |    43 ||   176
 Fire: Hand crossbow     |       |       |     4 |    10 ||    14
Invok: Burn Spellbooks   |     1 |     2 |     1 |     2 ||     6
       Berserk           |     1 |     1 |     1 |     2 ||     5
       Trog's Hand       |     1 |     1 |       |       ||     2
       Brothers in Arms  |       |       |     4 |     1 ||     5
  Use: Potion            |       |       |     1 |     1 ||     2
       Scroll            |       |       |     1 |       ||     1
 Stab: Distracted        |       |       |     1 |       ||     1
       Invisible         |       |       |       |     5 ||     5
  Eat: Chunk             |     3 |     5 |     4 |     2 ||    14
